 Dungeon Crawl Stone Soup version 0.15.0-12-gccce430 (webtiles) character file.

410 Charly the Martial Artist (level 6, -2/32 HPs)
             Began as a Vine Stalker Monk on Aug 31, 2014.
             Killed from afar by an orc wizard (5 damage)
             ... with a puff of flame
             ... on Level 5 of the Dungeon.
             The game lasted 00:06:28 (382 turns).

Charly the Martial Artist (Vine Stalker Monk)        Turns: 382, Time: 00:06:28

HP  -2/32        AC  2     Str 17      XL: 6   Next: 89%
MP   0/8         EV 13     Int 17      God:
Gold 75          SH  0     Dex 16      Spells:  0 memorised,  5 levels left

rFire  . . .     SeeInvis .       - Unarmed
rCold  . . .     Clarity  .     a - +0 robe
rNeg   . . .     rCorr    .     (no shield)
rPois  .         rRot     +     (no helmet)
rElec  .         Spirit   +     (no cloak)
SustAb .         Warding  .     (no gloves)
rMut   .         Stasis   .     (no boots)
Gourm  .                        (no amulet)
MR     .....                    (no ring)
                                f - +3 ring of strength

@: brilliant, not resistant to hostile enchantments, unstealthy
A: fangs 2, regeneration 2, magic shield, antimagic bite, no device heal 3, rot
immunity
a: no special abilities


You were on level 5 of the Dungeon.
You were not hungry.

You visited 1 branch of the dungeon, and saw 5 of its levels.

You collected 75 gold pieces.

Inventory:

Armour
 a - a +0 robe (worn)
Magical devices
 d - a wand of cold (0)
Comestibles
 b - 3 bread rations
Scrolls
 e - a scroll of identify {unknown}
 g - a scroll of fog {unknown}
 h - a scroll of fear {unknown}
Jewellery
 f - a +3 ring of strength (left hand)


   Skills:
 - Level 2.6 Fighting
 - Level 2.4 Dodging
 - Level 2.4 Stealth
 + Level 8.0 Unarmed Combat


You had 5 spell levels left.
You didn't know any spells.

Dungeon Overview and Level Annotations

Branches:
Dungeon (5/15)
 Temple: D:4-7

Altars:
Trog

Shops:
D:4 ((*

Annotations:
D:4 Ladykiller69's ghost, average DgWz


Innate Abilities, Weirdness & Mutations

You have extremely sharp teeth.
You heal very quickly.
When hurt, damage is shared between your health and your magic reserves.
Your bite disrupts and absorbs the magic of your enemies.
Potions and wands cannot restore your health.
You are immune to rotting.


Message History

* * * LOW HITPOINT WARNING * * *
An orc comes into view. It is wielding a hand axe.
Evoke which item? (* to show all) (? for menu, Esc to quit)
Zapping:
d - a wand of cold {zapped: 5}
Press: ? - help, Shift-Dir - straight line, f - orc warrior
Aim: an orc warrior, wielding a trident and wearing a chain mail (hasn't noticed you) Nothing appears to happen.
The orc warrior shouts!
The orc wizard hits you with a dagger.
* * * LOW HITPOINT WARNING * * *
Evoke which item? (* to show all) (? for menu, Esc to quit)
Okay, then.
You punch the ogre skeleton!
You destroy the ogre skeleton!
Your Unarmed Combat skill increases to level 8!
The orc wizard hits you with a dagger.
* * * LOW HITPOINT WARNING * * *
The orc wizard gestures at you while chanting.
The puff of flame hits you!
You die...

#.###########
....ooo.oo..#
...########@#
#.# #<# #.#
#.# #.# #.#
##.##
###...#####


You could see an orc warrior, an orc wizard and 3 orcs.

Vanquished Creatures
  Prince Ribbit (D:4)
  A hound (D:4)
  A jelly (D:5)
  An orc priest (D:4)
  2 orc wizards
  Ijyb (D:4)
  An ogre skeleton (D:5)
  2 adders
  A giant gecko (D:3)
  5 orcs
  A hobgoblin (D:4)
  A giant newt (D:1)
  4 goblins
  3 rats
25 creatures vanquished.

Notes
Turn   | Place    | Note
--------------------------------------------------------------
     0 | D:1      | Charly, the Vine Stalker Monk, began the quest for the Orb.
     0 | D:1      | Reached XP level 1. HP: 11/11 MP: 1/1
   115 | D:3      | Reached XP level 2. HP: 5/16 MP: 3/3
   151 | D:3      | Noticed an orc wizard
   160 | D:3      | Killed an orc wizard
   160 | D:3      | Reached skill level 5 in Unarmed Combat
   160 | D:3      | Reached XP level 3. HP: 16/19 MP: 4/4
   199 | D:4      | Found Nedall's Assorted Antiques.
   199 | D:4      | Noticed Ijyb
   200 | D:4      | Found a bloodstained altar of Trog.
   209 | D:4      | Killed Ijyb
   209 | D:4      | Reached XP level 4. HP: 23/23 MP: 5/5
   216 | D:4      | Reached skill level 6 in Unarmed Combat
   216 | D:4      | Reached XP level 5. HP: 14/27 MP: 4/7
   250 | D:4      | Found Qujuch's Antique Weapon Shop.
   273 | D:4      | Found Nexaveebi's Weapon Boutique.
   278 | D:4      | Noticed Prince Ribbit
   284 | D:4      | Noticed Ladykiller69's ghost (average DgWz)
   302 | D:4      | Killed Prince Ribbit
   302 | D:4      | Reached skill level 7 in Unarmed Combat
   302 | D:4      | Gained mutation: You heal very quickly. [vine stalker growth]
   302 | D:4      | Reached XP level 6. HP: 13/32 MP: 3/8
   328 | D:5      | Entered Level 5 of the Dungeon
   379 | D:5      | Reached skill level 8 in Unarmed Combat
   382 | D:5      | Killed from afar by an orc wizard

Action                   |  1- 3 |  4- 6 || total
-------------------------+-------+-------++-------
Melee: Unarmed           |    25 |    45 ||    70
Evoke: Wand              |     2 |     6 ||     8
  Use: Scroll            |       |     1 ||     1
       Potion            |       |     1 ||     1
 Stab: Sleeping          |     1 |       ||     1
